 Dungeon Crawl Stone Soup version 0.23.2-1-ga50397a (webtiles) character file.

Game seed: 11453367953301194185

24 prawnwizard the Sneak (level 2, -1/13 HPs)
             Began as a Spriggan Enchanter on May 15, 2019.
             Slain by an adder (4 damage)
             ... on level 2 of the Dungeon.
             The game lasted 00:00:43 (654 turns).

prawnwizard the Sneak (Spriggan Enchanter)           Turns: 654, Time: 00:00:44

Health: -1/13      AC:  2    Str:  4    XL:     2   Next: 79%
Magic:  6/6        EV: 18    Int: 16    God:
Gold:   70         SH:  0    Dex: 16    Spells: 5/6 levels left

rFire    . . .     SeeInvis +   a - +1 dagger
rCold    . . .     Gourm    .   (shield restricted)
rNeg     . . .     Faith    .   b - +0 robe
rPois    .         Spirit   .   (helmet restricted)
rElec    .         Reflect  .   (no cloak)
rCorr    .         Harm     .   (gloves unavailable)
MR       .....                  (boots unavailable)
Stlth    +++.......             (no amulet)
HPRegen  0.04/turn              (no ring)
MPRegen  0.10/turn              (no ring)

@: very quick
A: very small, unfitting armour, see invisible, herbivore, speed 3, slow
metabolism 2
a: no special abilities


You were on level 2 of the Dungeon.
You were not hungry.

You visited 1 branch of the dungeon, and saw 2 of its levels.

You collected 70 gold pieces.

Inventory:

Hand Weapons
 a - a +1 dagger (weapon)
Armour
 b - a +0 robe (worn)
Jewellery
 g - an uncursed amulet of guardian spirit {unknown}
Scrolls
 e - a scroll of remove curse {unknown}
 f - a scroll of random uselessness {unknown}
 h - 2 scrolls of identify {unknown}
 j - a scroll of amnesia {unknown}
Potions
 c - 2 potions of curing {unknown}
 i - a potion of magic {unknown}
Comestibles
 d - 4 rations


   Skills:
 * Level 1.9 Short Blades
 + Level 3.2 Dodging
 * Level 5.0 Stealth
 + Level 2.9 Spellcasting
 + Level 3.8 Hexes


You had 5 spell levels left.
You knew the following spells:

 Your Spells              Type           Power        Failure   Level  Hunger
a - Corona                Hex            ##.....      3%          1    #......

Your spell library contained the following spells:

 Spells                   Type           Power        Failure   Level  Hunger
 Confuse                  Hex            ##......     12%         3    ###....
 Tukima's Dance           Hex            ##......     12%         3    ###....
 Ensorcelled Hibernation  Hex/Ice        #.....       13%         2    ##.....
 Dazzling Spray           Conj/Hex       #.....       26%         3    ###....


Dungeon Overview and Level Annotations

Branches:
Dungeon (2/15)

Altars:
Ashenzari


Innate Abilities, Weirdness & Mutations

You are very small and have problems with some larger weapons.
You are too small for most types of armour.
You have supernaturally acute eyesight. (SInv)
You are a herbivore.
You cover ground extremely quickly.
You need to consume almost no food.


Message History

You are too injured to fight recklessly!
You are too injured to fight recklessly!
You are too injured to fight recklessly!
You hit the adder.
The adder is heavily wounded.
The adder completely misses you. The kobold misses you.
You hit the adder.
The adder is almost dead.
The adder misses you.
You closely miss the adder.
The adder is almost dead.
The kobold misses you. The adder closely misses you.
You closely miss the adder.
The adder is almost dead.
The adder closely misses you. The kobold hits you.
* * * LOW HITPOINT WARNING * * *
You closely miss the adder.
The adder is almost dead.
The adder bites you.
You die...

#.# #..######...# .#
#.####..#........####
#.##.#..#.#.......... .
#.##.#..#.#.##.....##..
#.##.#.....$....#......
##.##.#.##.#.#..##......
........##.#.#..##......
##.##.#.................
#.##...........@K..##..
##+##<..###.....S.......
........# #..#..#.......
......).###..#..#...##.#
................#...# #
...(†...###..........
....#.......(... .....
....#...###.##.# ......
....#...###.#


You could see an adder and a kobold.

Vanquished Creatures
  An adder (D:2)
  A worm (D:2)
  A leopard gecko (D:1)
  A goblin (D:1)
  2 hobgoblins (D:1)
  2 kobolds (D:1)
  A ball python (D:1)
  3 rats (D:1)
12 creatures vanquished.

Notes
Turn   | Place    | Note
-------+----------+-------------------------------------------
     0 | D:1      | prawnwizard the Spriggan Enchanter began the quest for the
                  | Orb.
     0 | D:1      | Reached XP level 1. HP: 9/9 MP: 5/5
   492 | D:1      | Reached XP level 2. HP: 13/13 MP: 6/6
   529 | D:1      | Found a shattered altar of Ashenzari.
   594 | D:2      | Reached skill level 5 in Stealth
   654 | D:2      | Slain by an adder

Skill      XL: |  1  2 |
---------------+-------+-----
Stealth        | 5 |  5.0
Short Blades   | |  1.9
Dodging        | |  3.2
Spellcasting   | |  2.9
Hexes          | |  3.8

Action                   || total
-------------------------++-------
Melee: Dagger            ||    43
 Stab: Sleeping          ||     8
Armor: Robe              ||     3
Dodge: Dodged            ||    27
